 Dungeon Crawl Stone Soup version 0.27-a0-1065-ge809cff456 (webtiles) character file.

Game seed: 11204721369587833297

81 flotson the Covert (level 4, -1/41 HPs)
             Began as a Gnoll Delver on Apr 23, 2021.
             Slain by a phantom (5 damage)
             ... on level 2 of the Dungeon.
             The game lasted 00:03:55 (2196 turns).

flotson the Covert (Gnoll Delver)                   Turns: 2196, Time: 00:03:56

Health: -1/41      AC:  7    Str: 13    XL:     4   Next: 40%
Magic:  5/5        EV: 10    Int:  9    God:
Gold:   132        SH:  0    Dex: 13    Spells: 5/5 levels left

rFire    + . .     SeeInvis .   a - +0 war axe
rCold    . . .     Faith    .   (no shield)
rNeg     . . .     Spirit   .   j - +0 scale mail
rPois    .         Reflect  .   (no helmet)
rElec    .         Harm     .   o - +0 cloak
rCorr    .         Rampage  .   (no gloves)
Will     .....                  (no boots)
Stlth    +++.......             (no amulet)
HPRegen  0.13/turn              n - ring of protection from fire
MPRegen  0.09/turn              (no ring)

@: no status effects
A: fangs 1, strong nose, distributed training
a: no special abilities


You were on level 2 of the Dungeon.
You visited 1 branch of the dungeon, and saw 5 of its levels.

You collected 132 gold pieces.

Inventory:

Hand Weapons
 a - a +0 war axe (weapon)
Missiles
 b - 23 bolts
 h - 17 arrows
Armour
 j - a +0 scale mail (worn)
 m - a +0 leather armour of fire resistance
 o - a +0 cloak (worn)
Jewellery
 n - a ring of protection from fire (left hand)
Wands
 g - a wand of digging (3)
Scrolls
 c - a scroll of fog
 d - 2 scrolls of magic mapping
 e - a scroll of fear
 p - 3 scrolls of identify {unknown}
Potions
 f - a potion of haste
 k - a potion of degeneration {unknown}
 l - a potion of heal wounds {unknown}


   Skills:
 + Level 6.6 Fighting
 + Level 1.1 Short Blades
 + Level 1.1 Long Blades
 + Level 4.6 Axes
 + Level 1.1 Maces & Flails
 + Level 1.1 Polearms
 + Level 1.1 Staves
 + Level 1.1 Slings
 + Level 1.1 Bows
 + Level 1.1 Crossbows
 + Level 1.1 Throwing
 + Level 1.1 Armour
 + Level 4.6 Dodging
 + Level 9.6 Stealth
 + Level 1.1 Shields
 + Level 1.1 Unarmed Combat
 + Level 1.1 Spellcasting
 + Level 0.9 Conjurations
 + Level 0.9 Hexes
 + Level 0.9 Summonings
 + Level 0.9 Necromancy
 + Level 0.9 Translocations
 + Level 0.9 Transmutations
 + Level 0.9 Fire Magic
 + Level 0.9 Ice Magic
 + Level 0.9 Air Magic
 + Level 0.9 Earth Magic
 + Level 0.9 Poison Magic
 + Level 1.2 Invocations
 + Level 1.1 Evocations


You had 5 spell levels left.
You didn't know any spells.
Your spell library contained the following spells:

 Spells                   Type           Power      Damage    Failure   Level
 Corona                   Hex            2%         N/A       77%         1
 Ensorcelled Hibernation  Hex/Ice        4%         N/A       88%         2
 Confusing Touch          Hex            2%         N/A       98%         3
 Dazzling Flash           Conj/Hex       4%         N/A       98%         3
 Tukima's Dance           Hex            2%         N/A       98%         3


Dungeon Overview and Level Annotations

Branches:
Dungeon (5/15)
 Temple: D:4-7

Altars:


Innate Abilities, Weirdness & Mutations

You have very sharp teeth.
Your uncanny sense of smell can sniff out nearby items.
Your experience applies equally to all skills.


Message History

The phantom hits you but does no damage.
The phantom hits you!
The phantom blinks!
You blink.
You hit the phantom.
The phantom is almost destroyed.
The phantom hits you!
The phantom blinks!
You blink.
You are too injured to fight recklessly!
You are too injured to fight recklessly!
You are too injured to fight recklessly!
You are too injured to fight recklessly!
You are too injured to fight recklessly!
You are too injured to fight recklessly!
You are too injured to fight recklessly!
You are too injured to fight recklessly!
Throw: 3 javelins (silver)
Press: ? - help, Q - select action Shift-Dir - straight line, f - phantom
Aim: a phantom (almost destroyed, 48% to hit)
You throw a silver javelin.
The silver javelin closely misses the phantom.
The phantom hits you.
The phantom blinks!
You blink.
The phantom misses you.
Throw: 2 javelins (silver)
Press: ? - help, Q - select action Shift-Dir - straight line, f/p - phantom
Aim: a phantom (almost destroyed, 48% to hit)
You throw a silver javelin.
The silver javelin closely misses the phantom.
The phantom hits you.
* * * LOW HITPOINT WARNING * * *
The phantom blinks!
You blink.
Throw: javelin (silver)
Press: ? - help, Q - select action Shift-Dir - straight line, f/p - phantom
Aim: a phantom (almost destroyed, 50% to hit)
You throw a silver javelin.
The silver javelin closely misses the phantom.
The phantom hits you.
* * * LOW HITPOINT WARNING * * *
The phantom hits you.
* * * LOW HITPOINT WARNING * * *
You closely miss the phantom.
The phantom is almost destroyed.
The phantom hits you.
You die...

#.##.........<...............#...
..#....######.^..#.###########.##
.#........................)....##
).............#..#.##############
##.....########..#.# #....
...........####..#.# #.#..
##.....###.........# #.# .......#
######..### #. ##.....#
###.@########### # #.....#
#....W......§.(# #.#.###
#.#..#########.#
##.#.########.#..# #.#
...#.....÷.......# #.#
##.##########.##.# #.# #.#
#.##.#########.# #.#
#.##.........#.# #.######
#.##########.#.# #


You could see a phantom.

Vanquished Creatures
  2 adders (D:2)
  2 dart slugs (D:1)
  An orc (D:3)
  6 bats
  3 endoplasms
  2 giant cockroaches (D:1)
  7 goblins
  4 hobgoblins
  10 kobolds
  3 quokkas (D:1)
  7 ball pythons
  3 frilled lizards
  5 rats
55 creatures vanquished.

Notes
Turn   | Place    | Note
-------+----------+-------------------------------------------
     0 | D:5      | Reached skill level 9 in Stealth
     0 | D:5      | flotson the Gnoll Delver began the quest for the Orb.
     0 | D:5      | Reached XP level 1. HP: 23/23 MP: 1/1
    28 | D:4      | Noticed a hound
   105 | D:3      | Found a faded altar of an unknown god.
   179 | D:3      | Noticed an orc priest
   370 | D:2      | Reached XP level 2. HP: 29/29 MP: 2/2
   643 | D:2      | Found Caavuemi's Distillery.
   881 | D:1      | Reached XP level 3. HP: 30/35 MP: 3/3
  1209 | D:1      | Reached skill level 1 in Invocations
  1449 | D:1      | Reached skill level 1 in Short Blades
  1449 | D:1      | Reached skill level 1 in Long Blades
  1449 | D:1      | Reached skill level 1 in Maces & Flails
  1449 | D:1      | Reached skill level 1 in Polearms
  1449 | D:1      | Reached skill level 1 in Staves
  1449 | D:1      | Reached skill level 1 in Slings
  1449 | D:1      | Reached skill level 1 in Bows
  1449 | D:1      | Reached skill level 1 in Crossbows
  1449 | D:1      | Reached skill level 1 in Throwing
  1449 | D:1      | Reached skill level 1 in Armour
  1449 | D:1      | Reached skill level 1 in Shields
  1449 | D:1      | Reached skill level 1 in Unarmed Combat
  1449 | D:1      | Reached skill level 1 in Spellcasting
  1449 | D:1      | Reached skill level 1 in Evocations
  1665 | D:2      | Reached XP level 4. HP: 41/41 MP: 5/5
  1854 | D:2      | Noticed a phantom
  2196 | D:2      | Slain by a phantom

Illustrated notes

Levels and vault maps discovered:
D:1:      lightli_arrival_noodles, layout_basic
D:2:      layout_loops_ring, serial_shops, shop, feat_on_display
D:3:      layout_loops_ring, nicolae_wu_jian_wuxing_cycle,
          hellmonk_ecumenical_altar_crossroads, kennysheep_crisscross,
          skrybe_limestone_x, minmay_misc_feat_tower, minivault_11
D:4:      layout_rooms, lemuel_tele_altar
D:5:      layout_basic, overflow_temple_1_default,
          nicolae_overflow_crystal_walls, minmay_temple_entry_hall,
          minmay_pentangle

Skill      XL: |  1  2  3 |
---------------+----------+-----
Stealth        | |  9.6
Invocations    | 1 |  1.2
Short Blades   | 1 |  1.1
Long Blades    | 1 |  1.1
Maces & Flails | 1 |  1.1
Polearms       | 1 |  1.1
Staves         | 1 |  1.1
Slings         | 1 |  1.1
Bows           | 1 |  1.1
Crossbows      | 1 |  1.1
Throwing       | 1 |  1.1
Armour         | 1 |  1.1
Shields        | 1 |  1.1
Unarmed Combat | 1 |  1.1
Spellcasting   | 1 |  1.1
Evocations     | 1 |  1.1
Fighting       | |  6.6
Axes           | |  4.6
Dodging        | |  4.6
Conjurations   | |  0.9
Hexes          | |  0.9
Summonings     | |  0.9
Necromancy     | |  0.9
Translocations | |  0.9
Transmutations | |  0.9
Fire Magic     | |  0.9
Ice Magic      | |  0.9
Air Magic      | |  0.9
Earth Magic    | |  0.9
Poison Magic   | |  0.9

Action                   |  1- 3 |  4- 6 || total
-------------------------+-------+-------++-------
Melee: War axe           |   120 |    44 ||   164
       Bite              |    12 |     2 ||    14
Throw: Javelin           |       |     3 ||     3
 Stab: Sleeping          |     4 |     2 ||     6
       Distracted        |     1 |       ||     1
Armor: Scale mail        |    53 |    23 ||    76
       Leather armour    |     3 |       ||     3
Dodge: Dodged            |    75 |    26 ||   101

Table legend: (Time is in decaauts)
 A = Elapsed time spent in this place.
 B = Non-inter-level travel time spent in this place.
 C = Inter-level travel time spent in this place.
 D = Time resting spent in this place.
 E = Time spent auto-exploring this place.
 F = Levels seen in this place.
 G = Mean time per level.
                   A        B        C        D        E       F      G
               +--------+--------+--------+--------+--------+-----+--------+
         Total |   2239 |   2197 |     42 |     39 |   1680 |   5 |  447.8 |
       Dungeon |   2239 |   2197 |     42 |     39 |   1680 |   5 |  447.8 |
               +--------+--------+--------+--------+--------+-----+--------+

Top non-repeatable levels by time:
     D:1: 1005 daAuts
     D:2: 872 daAuts
     D:3: 323 daAuts
     D:5: 27 daAuts
     D:4: 11 daAuts
